 Dungeon Crawl Stone Soup version 0.23-a0-78-gc252fe1 (webtiles) character file.

0 Amnesiac the Magician (level 1, -4/13 HPs)
             Began as a Mummy Air Elementalist on Aug 10, 2018.
             Slain by a hound (5 damage)
             ... on level 5 of the Dungeon.
             The game lasted 00:00:56 (196 turns).

Amnesiac the Magician (Mummy Air Elementalist)       Turns: 196, Time: 00:00:57

Health: -4/13      AC:  2    Str: 11    XL:     1   Next: 8%
Magic:  3/4        EV: 12    Int: 14    God:
Gold:   0          SH:  0    Dex: 12    Spells: 4/5 levels left

rFire    x . .     SeeInvis .   (no weapon)
rCold    + . .     Gourm    .   (no shield)
rNeg     + + +     Faith    .   a - +0 robe
rPois    ∞         Spirit   .   (no helmet)
rElec    .         Reflect  .   (no cloak)
rCorr    .         Harm     .   (no gloves)
MR       .....                  (no boots)
Stlth    ++........             c - amulet of the acrobat
HPRegen  0.04/turn              (no ring)
MPRegen  0.09/turn              (no ring)

@: no status effects
A: no food or potions, fire vulnerability, cold resistance 1, negative energy
resistance 3, torment resistance, unbreathing
a: no special abilities


You were on level 5 of the Dungeon.
You were not hungry.

You visited 1 branch of the dungeon, and saw 5 of its levels.

Inventory:

Armour
 a - a +0 robe (worn)
Jewellery
 c - an amulet of the acrobat (around neck)
Scrolls
 b - 2 scrolls of identify {!r, unknown}


   Skills:
 - Level 1.5 Dodging
 - Level 1.5 Stealth
 - Level 2.6 Spellcasting
 - Level 0.7 Conjurations
 + Level 2.4 Air Magic


You had 4 spell levels left.
You knew the following spells:

 Your Spells              Type           Power        Failure   Level  Hunger
a - Shock                 Conj/Air       #...         12%         1    N/A

Your spell library contained the following spells:

 Spells                   Type           Power        Failure   Level  Hunger
 Lightning Bolt           Conj/Air       #.........   97%         5    N/A
 Swiftness                Chrm/Air       #.......     21%         2    N/A
 Airstrike                Air            #.........   63%         4    N/A
 Static Discharge         Conj/Air       #.......     34%         3    N/A

Dungeon Overview and Level Annotations

Branches:
Dungeon (5/15)
 Temple: D:4-7

Altars:
Fedhas

Annotations:
D:4 Grinder


Innate Abilities, Weirdness & Mutations

You do not eat or drink.
Your flesh is vulnerable to fire.
You are immune to poison.
Your flesh is cold resistant. (rC+)
You are immune to negative energy. (rN+++)
You are immune to unholy pain and torment.
You can survive without breathing.


Message History

Found a thin zirconium amulet and a ration.
Found a stone staircase leading down.
c - a thin zirconium amulet There's nothing to open nearby.
Put on which piece of jewellery? (? for menu, Esc to quit)
You feel ready to tumble and roll out of harm's way.
c - an amulet of the acrobat (around neck)
Found a ration.
Found a robe and a murky black potion.
There is a stone staircase leading down here.
You climb downwards.
Found an escape hatch in the floor.
There is a stone staircase leading up here.
A hobgoblin comes into view. It is wielding a club.
Found 13 gold pieces and 2 tomahawks.
Found a blossoming altar of Fedhas.
Found a scroll labeled IQOTRE YBRUR.
Found a ring mail.
b - 2 scrolls labeled IQOTRE YBRUR {!r} (gained 1)
There is a blossoming altar of Fedhas here.
There is an escape hatch in the floor here.
You slide downwards.
The hatch slams shut behind you.
A worker ant and a howler monkey come into view.
The howler monkey howls!
Found a hand axe, a murky black potion and a fizzy white potion.
Unknown command.
Found 22 stones.
You see here 22 stones.
The howler monkey hoots and howls with incredible vigour!
You hear a bark!
Found a flail.
The howler monkey hoots and howls with incredible vigour!
Grinder comes into view.
You hear a bark!
You see here a flail.
An ogre comes into view. It is wielding a giant club.
Found a stone staircase leading down.
A hound comes into view.
The howler monkey closely misses you. The howler monkey hits you!
Ouch! That really hurt!
* * * LOW HITPOINT WARNING * * *
Grinder hits you.
* * * LOW HITPOINT WARNING * * *
The howler monkey misses you.
Grinder blinks!
The howler monkey misses you. The hound closely misses you.
The howler monkey hoots and howls with incredible vigour!
The hound completely misses you. The hound barely misses you.
There is a stone staircase leading down here.
The hound closely misses you. x2
You climb downwards.
You hear the sound of rushing water.
There is an entrance to a sewer on this level.
Hurry and find it before the portal rusts away!
Found a ration and 12 arrows.
There is a stone staircase leading up here.
Casting: Shock (safe; 12% risk of failure)
Confirm with . or Enter, or press ? or * to list all spells.
Aiming: Shock (safe; 12% risk of failure)
Press: ? - help, Shift-Dir - straight line The zap hits the hound.
The hound is lightly wounded.
The zap misses the hound.
The hound bites you.
* * * LOW HITPOINT WARNING * * *
The hound bites you.
You die...

................
.................
.................
..............%..
.................
.................
.......<.........
....#............
. ##..h@.......
#............
#........####..
.......####
.......# ..(...##
...... ####.


You could see a hound.

Vanquished Creatures
  A kobold (D:2)
1 creature vanquished.

Notes
Turn   | Place    | Note
-------+----------+-------------------------------------------
     0 | D:1      | Amnesiac the Mummy Air Elementalist began the quest for the Orb.
     0 | D:1      | Reached XP level 1. HP: 13/13 MP: 4/4
   146 | D:3      | Found a blossoming altar of Fedhas.
   169 | D:4      | Noticed a howler monkey
   169 | D:4      | Noticed a worker ant
   180 | D:4      | Noticed Grinder
   182 | D:4      | Noticed an ogre
   183 | D:4      | Noticed a hound
   193 | D:5      | Entered Level 5 of the Dungeon
   196 | D:5      | Slain by a hound

Vault maps used:
D:1:      dpeg_arrival_boxorama, serial_forest, infiniplex_forest_straight_3,
          infiniplex_forest_straight_4, infiniplex_forest_straight_2,
          infiniplex_forest_straight_4, infiniplex_forest_end_3,
          infiniplex_forest_end_1, infiniplex_forest_lined_corner,
          nicolae_ashenzari_panopticon
D:2:      grunt_dithmenos_smoke, first_ration
D:3:      chequers_temple_overflow_minitemple, lemuel_crystal_altar, uniq_robin
D:4:      grunt_ministairs_2, minmay_misc_feat_columns,
          kennysheep_generic_room_12, uniq_grinder
D:5:      gammafunk_temple_overflow_arena, cheibrodos_sewer_entry_bend

Action                   || total
-------------------------++-------
 Cast: Shock             ||     3
Dodge: Dodged            ||     9

Table legend:
 A = Non-vault XP
 B = Vault XP
 C = Vault XP percentage of total XP
 D = Non-vault monster count
 E = Vault monster count
 F = Vault count percentage of total count
 G = Total turns spent on level
                 A         B        C        D         E       F
            +---------+---------+-------+---------+---------+-------
      Total |       1 |       0 |   0.0 |       1 |       0 |   0.0
            +---------+---------+-------+---------+---------+-------
        D:2 |       1 |       0 |   0.0 |       1 |       0 |   0.0
            +---------+---------+-------+---------+---------+-------
